 Dungeon Crawl Stone Soup version 0.22.0-49-gab54619 (webtiles) character file.

5798 nicolaieve the Basher (level 10, -1/135 HPs)
             Began as a Minotaur Berserker on Sept 6, 2018.
             Was a High Priest of Trog.
             Killed by divine providence
             ... invoked by a meliai
              (13 damage)
             ... on level 9 of the Dungeon.
             The game lasted 00:28:39 (6722 turns).

nicolaieve the Basher (Minotaur Berserker)          Turns: 6722, Time: 00:28:39

Health: -1/135     AC: 16    Str: 28    XL:     10   Next: 50%
Magic:  9/9        EV:  8    Int:  4    God:    Trog [*****.]
Gold:   539        SH:  0    Dex: 12    Spells: 9/9 levels left

rFire    . . .     SeeInvis .   J - +2 whip (flame)
rCold    . . .     Gourm    +   (no shield)
rNeg     . . .     Faith    .   w - +0 plate armour
rPois    .         Spirit   .   (helmet restricted)
rElec    .         Reflect  .   m - scarf {cloud immunity}
rCorr    .         Harm     .   h - +0 pair of gloves
MR       .....     Rnd*Tele +   i - +0 pair of boots
Stlth    ..........             G - amulet of the gourmand
HPRegen  0.32/turn              P - ring of teleportation (curse)
MPRegen  0.11/turn              (no ring)

@: berserking, lethally poisoned (-1 -> -12), very quick
A: retaliatory headbutt, horns 2
a: Berserk, Trog's Hand, Brothers in Arms, Renounce Religion


You were on level 9 of the Dungeon.
You worshipped Trog.
Trog was extremely pleased with you.
You were very full.

You visited 1 branch of the dungeon, and saw 9 of its levels.

You collected 539 gold pieces.

Inventory:

Hand Weapons
 r - a +2 hunting sling of freezing
 C - a +2 mace of protection
 J - a +2 whip of flaming (weapon)
Missiles
 j - 76 sling bullets
 k - 145 stones (quivered)
 M - a throwing net
Armour
 h - a +0 pair of gloves (worn)
 i - a +0 pair of boots (worn)
 m - a scarf of cloud immunity (worn)
 w - a +0 plate armour (worn)
 L - a +0 large shield
Jewellery
 G - an amulet of the gourmand (around neck)
 P - a cursed ring of teleportation (left hand)
Wands
 s - a wand of disintegration (9)
 u - a wand of iceblast (9)
 v - a wand of polymorph (29)
 D - a wand of scattershot (6)
 H - a wand of digging (38)
Scrolls
 b - a scroll of fear {unknown}
 d - a scroll of random uselessness {unknown}
 e - 3 scrolls of fog {unknown}
 g - 3 scrolls of teleportation {unknown}
 p - 2 scrolls of magic mapping {unknown}
 q - 2 scrolls of remove curse {unknown}
 t - 2 scrolls of enchant weapon {unknown}
 y - 2 scrolls of immolation {unknown}
 E - 5 scrolls of identify {unknown}
 F - a scroll of enchant armour {unknown}
 K - a scroll of vulnerability {unknown}
 N - a scroll of noise {unknown}
 Q - a scroll of holy word {unknown}
Potions
 a - a potion of mutation {unknown}
 f - 4 potions of resistance {unknown}
 l - 3 potions of flight {unknown}
 n - 2 potions of haste {unknown}
 o - a potion of agility
 x - a potion of degeneration {unknown}
 z - a potion of might {unknown}
 A - a potion of invisibility {unknown}
 B - a potion of magic {unknown}
 I - a potion of heal wounds {unknown}
 O - a potion of curing {unknown}
Comestibles
 c - 17 rations


   Skills:
 + Level 8.5 Fighting
 - Level 14.0 Maces & Flails
 + Level 8.9 Armour
 - Level 2.2 Dodging
 * Level 4.7 Shields


You had 9 spell levels left.
You didn't know any spells.
Your spell library was empty.

Dungeon Overview and Level Annotations

Branches:
Dungeon (9/15)             Temple (0/1) D:5
   Lair: D:8-11         Orc: D:9-12

Altars:
Dithmenos
Fedhas
Gozag
Nemelex Xobeh
Ru
Sif Muna
Trog
Vehumet
Xom
Beogh

Shops:
D:4 }   D:6 :   D:9 (


Innate Abilities, Weirdness & Mutations

You reflexively headbutt those who attack you in melee.
You have a pair of horns on your head.


Message History

You headbutt the meliai.
The meliai stings you but does no damage.
You whack the meliai! You burn the meliai. You headbutt the meliai.
You kill the meliai!
Trog accepts your kill.
The meliai invokes the aid of its god against you.
Something smites you!
* * * LOW HITPOINT WARNING * * *
Unknown command.
You miss the meliai. Your headbutt misses the meliai.
You feel sick.
You whack the meliai! You burn the meliai. You headbutt the meliai!
The meliai is almost dead.
The meliai hits you but does no damage.
The meliai stings you but does no damage.
You closely miss the meliai. Your headbutt misses the meliai.
The meliai is severely wounded.
You feel sick.
The meliai mumbles some strange prayers to its god against you.
Something smites you!
You die...

.......................
###############'###.....#
#....# ...# #....# ....#
#....# ....# #....#.....#
#######.###.....#
#....##.#y.......
#......∩@).......
#.......#).......
#.......#........
+.......#........
#.......#........
#.......#........
#.......#........
#.......#........
#.......+


You could see a meliai.

Vanquished Creatures
  A two-headed ogre (D:8)
  Pikel (D:5)
  Psyche (D:8)
  2 meliai (D:9)
  The ghost of Merlin the Firebug, an amateur GnWn of Ru (D:4)
  A dream sheep (D:4)
  A hippogriff (D:8)
  4 orc warriors
  4 slaves (D:5)
  3 ice beasts
  2 sky beasts
  6 ogres
  3 centaurs
  3 bullfrogs
  2 scorpions
  3 wights (D:6)
  4 crimson imps
  3 jellies
  8 orc priests
  3 hounds
  Ijyb (D:3)
  11 orc wizards
  A centaur skeleton (D:9)
  4 iguanas
  10 worker ants
  2 hound skeletons (D:4)
  4 gnolls (D:3)
  A worker ant zombie (D:5)
  A howler monkey skeleton (D:7)
  4 adders
  An ooze (D:2)
  An adder skeleton (D:4)
  4 worms
  4 dart slugs
  4 leopard geckos
  48 orcs
  A ball python (D:1)
  6 giant cockroaches
  10 goblins
  12 hobgoblins
  8 jackals
  6 quokkas
  A ball python skeleton (D:4)
  8 bats
  2 frilled lizards (D:1)
  7 kobolds
  3 leopard gecko skeletons
  A leopard gecko zombie (D:5)
  9 rats
231 creatures vanquished.

Vanquished Creatures (others)
  4 dream sheep (D:4)
4 creatures vanquished.

Grand Total: 235 creatures vanquished

Notes
Turn   | Place    | Note
-------+----------+-------------------------------------------
     0 | D:1      | nicolaieve the Minotaur Berserker began the quest for the
                  | Orb.
     0 | D:1      | Reached XP level 1. HP: 19/19 MP: 0/0
    63 | D:1      | Reached skill level 4 in Maces & Flails
    87 | D:1      | Reached XP level 2. HP: 8/27 MP: 1/1
   400 | D:1      | Reached XP level 3. HP: 30/33 MP: 2/2
   402 | D:1      | Reached ** piety under Trog
   484 | D:1      | Reached skill level 5 in Maces & Flails
   890 | D:2      | Found a blossoming altar of Fedhas.
  1788 | D:3      | Reached skill level 6 in Maces & Flails
  1788 | D:3      | Reached XP level 4. HP: 40/40 MP: 3/3
  1906 | D:3      | Noticed Ijyb
  1920 | D:3      | Killed Ijyb
  1920 | D:3      | Reached skill level 7 in Maces & Flails
  1920 | D:3      | Reached XP level 5. HP: 33/46 MP: 4/4
  2118 | D:3      | Noticed a centaur
  2129 | D:3      | Killed a centaur
  2348 | D:3      | Reached skill level 8 in Maces & Flails
  2366 | D:3      | Reached XP level 6. HP: 39/52 MP: 5/5
  2422 | D:3      | Reached *** piety under Trog
  2553 | D:3      | Found an opulent altar of Gozag.
  2723 | D:3      | Found a deep blue altar of Sif Muna.
  2814 | D:4      | Reached skill level 9 in Maces & Flails
  2906 | D:4      | Found a radiant altar of Vehumet.
  2975 | D:4      | Reached XP level 7. HP: 58/58 MP: 6/6
  3027 | D:4      | Found Ciliej's Gadget Emporium.
  3062 | D:4      | Reached skill level 10 in Maces & Flails
  3159 | D:4      | Found a shimmering altar of Xom.
  3159 | D:4      | Noticed a dream sheep
  3159 | D:4      | Noticed a dream sheep
  3159 | D:4      | Noticed a dream sheep
  3159 | D:4      | Noticed a dream sheep
  3159 | D:4      | Noticed a dream sheep
  3164 | D:4      | Killed a dream sheep
  3165 | D:4      | Killed a dream sheep
  3165 | D:4      | Killed a dream sheep
  3165 | D:4      | Killed a dream sheep
  3166 | D:4      | Killed a dream sheep
  3229 | D:4      | Found a sparkling altar of Nemelex Xobeh.
  3278 | D:4      | Found a bloodstained altar of Trog.
  3321 | D:4      | Found a runed door.
  3525 | D:4      | Noticed Merlin's ghost (amateur GnWn)
  3536 | D:4      | Killed Merlin's ghost
  3536 | D:4      | Reached skill level 11 in Maces & Flails
  3644 | D:5      | Entered Level 5 of the Dungeon
  3674 | D:5      | Reached XP level 8. HP: 66/66 MP: 7/7
  3679 | D:5      | Found a deep blue altar of Sif Muna.
  3766 | D:5      | Reached skill level 12 in Maces & Flails
  3919 | D:5      | Found a staircase to the Ecumenical Temple.
  4372 | D:5      | Noticed Pikel
  4397 | D:5      | Killed Pikel
  4397 | D:5      | Reached skill level 13 in Maces & Flails
  4397 | D:5      | Reached XP level 9. HP: 71/71 MP: 8/8
  4513 | D:6      | Reached skill level 14 in Maces & Flails
  4514 | D:6      | Reached **** piety under Trog
  4606 | D:6      | Reached skill level 5 in Fighting
  4696 | D:6      | Found Xedutofa's Book Boutique.
  4852 | D:6      | Reached skill level 5 in Armour
  5210 | D:7      | Found a shadowy altar of Dithmenos.
  5933 | D:8      | Reached skill level 1 in Shields
  5941 | D:8      | Reached ***** piety under Trog
  6102 | D:8      | Found a sacrificial altar of Ru.
  6120 | D:8      | Reached XP level 10. HP: 71/86 MP: 9/9
  6282 | D:8      | Noticed a two-headed ogre
  6293 | D:8      | Killed a two-headed ogre
  6328 | D:8      | Noticed Psyche
  6335 | D:8      | Killed Psyche
  6380 | D:8      | Found a roughly hewn altar of Beogh.
  6687 | D:9      | Found Qoerirhu's Weapon Shop.
  6722 | D:9      | Killed from afar by a meliai

Skill      XL: |  1  2  3  4  5  6  7  8  9 10 |
---------------+-------------------------------+-----
Maces & Flails | 4 6 7 8 9 11 13 14 | 14.0
Fighting       | 7 8 |  8.5
Armour         | 7 8 |  8.9
Shields        | 2 4 |  4.7
Dodging        | |  2.2

Action                   |  1- 3 |  4- 6 |  7- 9 | 10-12 || total
-------------------------+-------+-------+-------+-------++-------
Melee: Mace              |    79 |   119 |   236 |       ||   434
       Headbutt          |     5 |    24 |    72 |    27 ||   128
       Whip              |       |       |   155 |    81 ||   236
Invok: Berserk           |     1 |     1 |     5 |     3 ||    10
 Stab: Distracted        |       |       |     2 |       ||     2
  Eat: Chunk             |     3 |     6 |    32 |     4 ||    45
Armor: Animal skin       |    15 |       |       |       ||    15
       Ring mail         |     6 |    24 |       |       ||    30
       Leather armour    |     1 |       |       |       ||     1
       Plate armour      |       |    50 |   171 |    37 ||   258
Dodge: Dodged            |    58 |    69 |   103 |    23 ||   253
